 Dungeon Crawl Stone Soup version 0.18-a0-884-gb6cfd45 (webtiles) character file.

44 M4edhros the Charlatan (level 3, 0/34 HPs)
             Began as an Octopode Artificer on Dec 22, 2015.
             Succumbed to an adder's poison
             ... on level 4 of the Dungeon.
             The game lasted 00:01:32 (1044 turns).

M4edhros the Charlatan (Octopode Artificer)         Turns: 1044, Time: 00:01:32

Health: 0/34       AC: 21    Str: 15    XL:     3   Next: 62%
Magic:  5/5        EV:  2    Int: 15    God:
Gold:   75         SH:  0    Dex: 17    Spells: 0 memorised, 2 levels left

rFire  . . .     SeeInvis .     a - +0 short sword
rCold  . . .     Gourm    .     (no shield)
rNeg   + + +     Faith    .     (helmet currently unavailable)
rPois  +         Spirit   .     (no amulet)
rElec  .         Dismiss  .     (no ring)
rCorr  .         Reflect  .     (no ring)
SustAt .         Harm     .     (no ring)
MR     .....     NoTele   +     (no ring)
Stlth  ++++......               (no ring)
                                (no ring)
                                (no ring)
                                (no ring)

@: mighty, agile, lethally poisoned (0 -> -1), tree-form, not resistant to
hostile enchantments, stealthy
A: almost no armour, amphibious, 8 rings, (constrict 8), (camouflage 0),
(gelatinous body 0)
a: no special abilities


You were on level 4 of the Dungeon.
You were not hungry.
You were a tree.
You visited 1 branch of the dungeon, and saw 4 of its levels.

You collected 75 gold pieces.

Inventory:

Hand Weapons
 a - a +0 short sword (weapon)
 n - a +0 hunting sling
Missiles
 h - 26 stones (quivered)
Wands
 b - a wand of flame (13/48)
 c - a wand of enslavement (15/24)
 d - a wand of random effects (15/48)
Scrolls
 e - 2 scrolls of identify {unknown}
 j - a scroll of enchant weapon {unknown}
 l - 2 scrolls of amnesia {unknown}
Comestibles
 f - a bread ration
 k - a beef jerky


   Skills:
 - Level 1.0 Fighting
 - Level 1.0 Short Blades
 * Level 0.2 Slings
 * Level 2.8 Dodging
 * Level 3.3 Stealth
 + Level 3.5 Evocations


You had 2 spell levels left.
You didn't know any spells.

Dungeon Overview and Level Annotations

Branches:
Dungeon (4/15)
 Temple: D:4-7

Altars:


Innate Abilities, Weirdness & Mutations

You cannot wear most types of armour.
You are amphibious.
You can wear up to eight rings at the same time.
((You can use your tentacles to constrict eight enemies at once.))
((Your skin changes colour to match your surroundings (Stealth).))
((Your rubbery body absorbs attacks (AC +1).))


Message History

The puff of flame hits the adder.
You kill the adder!
This wand has 13 charges left.
Drink which item? (? for menu, Esc to quit)
It was a potion of agility.
You feel agile all of a sudden.
* * * LOW HITPOINT WARNING * * *
You feel sick.
Drink which item? (? for menu, Esc to quit)
It was a potion of lignification.
You turn into a tree.
Your roots penetrate the ground.
Drink which item? (? for menu, Esc to quit)
It was a potion of might.
You feel very mighty all of a sudden.
There is a lethal amount of poison in your body!
There is a lethal amount of poison in your body!
There is a lethal amount of poison in your body!
* * * LOW HITPOINT WARNING * * *
You feel sick.
You die...

#.......## #.####..#
#.# #..# #.# #..#
#.# #..#####.
##.#.####.....>..
#..........$[..##
......#.............
############♣####..
#.# #.# #.# #.# #.#
#.# ...


There were no monsters in sight!

Vanquished Creatures
  2 adders
  2 giant geckos
  A ball python (D:3)
  A giant cockroach (D:3)
  2 goblins (D:2)
  5 hobgoblins
  3 bats
  2 giant newts
  4 kobolds
  2 rats (D:1)
24 creatures vanquished.

Notes
Turn   | Place    | Note
--------------------------------------------------------------
     0 | D:1      | M4edhros the Octopode Artificer began the quest for the Orb.
     0 | D:1      | Reached XP level 1. HP: 13/13 MP: 3/3
   133 | D:1      | Reached XP level 2. HP: 13/18 MP: 4/4
   631 | D:2      | Reached XP level 3. HP: 15/23 MP: 5/5
  1036 | D:4      | HP: 1/23 [poisoned by an adder]
  1044 | D:4      | Succumbed to an adder's poison

Vault maps used:
D:1:      moated_graveyard_arrival
D:2:      ecumenical_altar_2, uniq_sigmund
D:3:      lemuel_upstairs_altar, first_bread
D:4:      fedhas_bush_and_centaur_altar, nicolae_gozag_seed_capital,
          due_unseen_surprise, uniq_duvessa

Action                   || total
-------------------------++-------
Melee: Short sword       ||    57
Evoke: Wand              ||     2
  Use: Potion            ||     3
 Stab: Sleeping          ||     7
